 Dungeon Crawl Stone Soup version 0.23-a0-208-gb6b040f (webtiles) character file.

507 Felrender the Covered (level 6, 0/48 HPs)
             Began as a Demonspawn Fighter on Sept 25, 2018.
             Slain by a worker ant (1 damage)
             ... on level 4 of the Dungeon.
             The game lasted 00:09:25 (4339 turns).

Felrender the Covered (Demonspawn Fighter)          Turns: 4339, Time: 00:09:25

Health: 0/48       AC:  9    Str: 24    XL:     6   Next: 97%
Magic:  6/6        EV:  6    Int:  9    God:
Gold:   109        SH: 10    Dex: 14    Spells: 5/5 levels left

rFire    . . .     SeeInvis .   a - +0 long sword
rCold    + . .     Gourm    .   c - +0 shield
rNeg     . . .     Faith    .   k - +0 chain mail
rPois    .         Spirit   .   (no helmet)
rElec    .         Reflect  .   (no cloak)
rCorr    .         Harm     .   (no gloves)
MR       .....                  (no boots)
Stlth    ..........             (no amulet)
HPRegen  0.16/turn              (no ring)
MPRegen  0.10/turn              (no ring)

@: mighty
A: talons 2, thin skeletal structure 1, blurry vision 1, cold resistance 1, no
potion heal 1
a: no special abilities


You were on level 4 of the Dungeon.
You were not hungry.

You visited 1 branch of the dungeon, and saw 4 of its levels.
You also visited: Sewer.

You collected 109 gold pieces.

Inventory:

Hand Weapons
 a - a +0 long sword (weapon)
Missiles
 j - 47 sling bullets
Armour
 c - a +0 shield (worn)
 k - a +0 chain mail (worn)
Scrolls
 i - 2 scrolls of identify
 l - a scroll of magic mapping
 m - 4 scrolls of teleportation
Potions
 b - a potion of mutation
 e - a potion of haste
 g - 3 potions of magic
Comestibles
 f - a ration


   Skills:
 + Level 4.0 Fighting
 + Level 3.4 Long Blades
 * Level 4.8 Armour
 + Level 1.0 Dodging
 + Level 0.3 Stealth
 + Level 4.2 Shields


You had 5 spell levels left.
You didn't know any spells.
Your spell library contained the following spells:

 Spells                   Type           Power        Failure   Level  Hunger
 Corona                   Hex            #......      100%        1    ##.....
 Ensorcelled Hibernation  Hex/Ice        #.....       100%        2    ###....
 Confuse                  Hex            #.......     100%        3    ####...
 Dazzling Spray           Conj/Hex       #.....       100%        3    ####...
 Tukima's Dance           Hex            #.......     100%        3    ####...


Dungeon Overview and Level Annotations

Branches:
Dungeon (4/15)
 Temple: D:4-7

Altars:
Qazlal
Zin


Innate Abilities, Weirdness & Mutations

You have razor-sharp toenails.
You have a somewhat thin skeletal structure. (Dex +2, Stealth)
Scrolls take you a little longer to read.
Your flesh is cold resistant. (rC+)
Potions are less effective at restoring your health.


Message History

Menkaure is heavily damaged.
Menkaure hits you but does no damage.
You feel very mighty all of a sudden. You block Menkaure's attack.
You slash Menkaure!
You destroy Menkaure!
Your Fighting skill increases to level 4!
Your Dodging skill increases to level 1!
The orc hits you with a short sword.
* * * LOW HITPOINT WARNING * * *
You slice the orc!!
You kill the orc!
You block the worker ant's attack.
The orc hits you from afar with a trident.
* * * LOW HITPOINT WARNING * * *
Your shield and chain mail prevent you from hitting the worker ant.
Your kick misses the worker ant.
The worker ant is moderately wounded.
The worker ant bites you.
You die...

#####.# o. .....#...
....... .##........
......# ..........
.###### #.........
.######
#######.........
.......
................
.######
######o#...#... .#
#a##.## .# #@# .#
.### #.# # ...# #.#
##.# #.# #.# #.#
##)# #.# ##.####
#######.### ......##
#....).[..#
##..#..###.........#


You could see a worker ant and an orc.

Vanquished Creatures
  Menkaure (D:4)
  A bullfrog (D:4)
  Natasha (twice) (D:3)
  A worker ant (D:4)
  4 gnolls
  12 adders
  2 oozes (D:2)
  A worm (D:2)
  A leopard gecko (D:3)
  4 orcs (D:4)
  6 giant cockroaches
  9 goblins
  9 hobgoblins
  14 jackals
  4 ball pythons (Sewer)
  3 bats
  11 frilled lizards
  14 kobolds
  6 rats
  7 plants (Sewer)
112 creatures vanquished.

Vanquished Creatures (others)
  5 toadstools (D:1)
5 creatures vanquished.

Grand Total: 117 creatures vanquished

Notes
Turn   | Place    | Note
-------+----------+-------------------------------------------
     0 | D:1      | Felrender the Demonspawn Fighter began the quest for the
                  | Orb.
     0 | D:1      | Reached XP level 1. HP: 18/18 MP: 1/1
    69 | D:1      | Gained mutation: You have sharp toenails. [demonic
                  | ancestry]
    69 | D:1      | Reached XP level 2. HP: 16/24 MP: 2/2
   325 | D:1      | Reached XP level 3. HP: 27/29 MP: 3/3
   930 | D:2      | Found a faded altar of an unknown god.
   988 | D:2      | Found a stormy altar of Qazlal.
   991 | D:2      | Noticed a fire elemental
   992 | D:2      | Noticed a water elemental
   992 | D:2      | Noticed an air elemental
   992 | D:2      | Noticed an earth elemental
  1000 | D:2      | Reached XP level 4. HP: 32/35 MP: 4/4
  1192 | D:2      | Found a glowing silver altar of Zin.
  1540 | D:3      | Found a glowing drain.
  1584 | Sewer    | Entered a sewer
  1597 | Sewer    | Gained mutation: You have a somewhat thin skeletal
                  | structure. (Dex +2, Stealth) [demonic ancestry]
  1597 | Sewer    | Reached XP level 5. HP: 21/41 MP: 5/5
  3201 | D:3      | Noticed Natasha
  3206 | D:3      | Killed Natasha
  3464 | D:3      | Noticed Natasha
  3472 | D:3      | Killed Natasha
  3685 | D:4      | Reached XP level 6. HP: 48/48 MP: 6/6
  3972 | D:4      | Gained mutation: Scrolls take you a little longer to read.
                  | [potion of mutation]
  3972 | D:4      | Gained mutation: Potions are less effective at restoring
                  | your health. [potion of mutation]
  3972 | D:4      | Gained mutation: You have razor-sharp toenails. [potion of
                  | mutation]
  3972 | D:4      | Gained mutation: Your flesh is cold resistant. (rC+)
                  | [potion of mutation]
  4316 | D:4      | Noticed Menkaure
  4337 | D:4      | Killed Menkaure
  4337 | D:4      | Reached skill level 1 in Dodging
  4338 | D:4      | HP: 1/48 [orc/trident (5)]
  4339 | D:4      | Slain by a worker ant

Vault maps used:
D:1:      ldierk_walled_garden
D:2:      marbit_many_paths, chequers_ecumenical_altar_island,
          nicolae_qazlal_style_of_elements
D:3:      gup_sewer_entry_glass, first_ration, uniq_natasha
D:4:      uniq_menkaure
Sewer:    sewer_co_scattered_pipes

Skill      XL: |  1  2  3  4  5  6 |
---------------+-------------------+-----
Armour         | 3 4 |  4.8
Shields        | 3 4 |  4.2
Long Blades    | 2 3 |  3.4
Fighting       | 4 |  4.0
Dodging        | 1 |  1.0
Stealth        | |  0.3

Action                   |  1- 3 |  4- 6 || total
-------------------------+-------+-------++-------
Melee: Long sword        |   107 |   421 ||   528
       Kick              |    25 |   144 ||   169
  Use: Scroll            |     6 |     4 ||    10
       Potion            |       |     8 ||     8
  Eat: Ration            |     1 |     3 ||     4
Armor: Scale mail        |    42 |   113 ||   155
       Chain mail        |       |     9 ||     9
Dodge: Dodged            |    27 |    66 ||    93
Block: Shield            |    59 |   119 ||   178
       Rpst.: Long sword |     7 |    25 ||    32

Table legend:
 A = Non-vault XP
 B = Vault XP
 C = Vault XP percentage of total XP
 D = Non-vault monster count
 E = Vault monster count
 F = Vault count percentage of total count
                 A         B        C        D         E       F
            +---------+---------+-------+---------+---------+-------
      Total |     373 |     352 |  48.6 |      70 |      35 |  33.3
            +---------+---------+-------+---------+---------+-------
        D:1 |      53 |       0 |   0.0 |      26 |       0 |   0.0
        D:2 |      66 |      13 |  16.5 |      17 |       1 |   5.6
        D:3 |      71 |      90 |  55.9 |      16 |       7 |  30.4
        D:4 |     183 |     169 |  48.0 |      11 |       1 |   8.3
      Sewer |       0 |      80 | 100.0 |       0 |      26 | 100.0
            +---------+---------+-------+---------+---------+-------
